Map: Divergence LE

Players

Massa

  • Race: Terran Terran
  • Spawn Location: 11:00

qqq

  • Race: Protoss Protoss
  • Spawn Location: 11:00

Mikkitor - Winner!

  • Race: Zerg Zerg
  • League: Gold
  • Spawn Location: 5:00

ДимкаВед - Winner!

  • Race: Protoss Protoss
  • League: Silver
  • Spawn Location: 5:00

VOD

Have the link to the VOD?

Description

Time

  • Played on: June 12, 2020, 10:58 a.m.
  • Length: 7:10
Show
View Real Time Build Order
Export as new Build Order

Massa Terran 

Build Orders:  

Get SALT Encoding   

  12  0:06  SCV  
  13  0:15  Supply Depot  
  13  0:18  SCV  
  14  0:31  SCV  
  15  0:38  Barracks  
  15  0:43  SCV  
  16  0:56  SCV  
  17  0:58  Supply Depot  
  17  1:08  SCV  
  18  1:20  SCV  
  19  1:32  SCV  
  20  1:34  Marine  
  20  1:38  Barracks  
  21  1:43  Refinery  
  21  1:44  SCV  
  22  1:52  Marine  
  23  1:56  SCV  
  24  2:09  Marine  
  25  2:17  Orbital Command  
  25  2:27  Marine  
  26  2:34  Refinery  
  26  2:39  Command Center  
  26  2:45  Supply Depot  
  26  2:46  Barracks Tech Lab  
  26  2:54  Barracks Tech Lab  
  26  3:03  Barracks Reactor  
  26  3:07  Supply Depot  
  26  3:20  Marauder  
  28  3:30  Supply Depot  
  28  3:32  SCV  
  29  3:37  Concussive Shells  
  29  3:40  Marine x2  
  31  3:41  Marauder  
  31  3:44  SCV  
  34  3:56  SCV  
  34  3:58  Marine x2  
  37  4:03  Marauder  
  37  4:08  SCV  
  40  4:20  SCV  
  41  4:33  SCV  
  41  4:35  Factory  
  42  4:45  SCV  
  43  4:55  SCV  
  43  4:57  SCV, Marauder  
  43  4:58  Marine x2  
  49  5:07  SCV, Engineering Bay  
  49  5:09  SCV  
  49  5:10  Engineering Bay  
  51  5:16  Marine x2  
  51  5:19  Orbital Command, Marauder  
  51  5:21  SCV  
  56  5:24  Factory Tech Lab  
  56  5:33  SCV, Marine  
  56  5:34  Marine  
  59  5:38  Missile Turret  
  59  5:40  Marauder  
  61  5:45  SCV  
  61  5:48  Refinery  
  62  5:50  Refinery  
  62  5:57  SCV  
  62  5:59  Armory, Missile Turret  
  62  6:01  Marauder  
  65  6:18  SCV x2  
  67  6:20  Missile Turret  
  67  6:23  Marauder  
  66  6:30  SCV  
  47  6:46  Marauder, Marine x2  
  45  7:09  Missile Turret  
Show
View Real Time Build Order
Export as new Build Order

qqq Protoss 

Build Orders: Phoenix Opening, Mass Phoenix 

Get SALT Encoding   

  12  0:02  Probe  
  13  0:15  Pylon  
  13  0:18  Probe  
  14  0:30  Probe  
  15  0:42  Probe, Gateway  
  16  0:52  Assimilator  
  16  0:58  Probe  
  17  1:10  Probe  
  18  1:18  Assimilator  
  18  1:22  Probe, Assimilator  
  19  1:30  Cybernetics Core  
  19  1:34  Probe  
  20  2:10  Probe  
  21  2:22  Probe  
  22  2:24  Nexus  
  22  2:30  Stargate  
  22  2:33  Pylon  
  22  2:34  Probe  
  23  2:51  Probe  
  24  2:54  Pylon  
  24  3:03  Probe  
  24  3:04  Stargate  
  25  3:16  Pylon  
  25  3:24  Phoenix  
  27  3:29  Pylon  
  27  3:35  Probe  
  28  3:43  Probe  
  28  3:48  Phoenix  
  31  3:50  Protoss Air Weapons Level 1  
  31  3:52  Probe  
  31  4:02  Assimilator  
  32  4:04  Probe  
  32  4:06  Assimilator  
  32  4:08  Phoenix  
  35  4:16  Probe  
  36  4:22  Phoenix  
  38  4:32  Probe  
  39  4:40  Phoenix  
  39  4:44  Probe  
  42  4:56  Probe  
  43  5:03  Phoenix  
  43  5:05  Phoenix  
  47  5:08  Probe  
  48  5:20  Probe  
  49  5:28  Phoenix  
  51  5:32  Probe  
  52  5:37  Fleet Beacon  
  52  5:40  Probe  
  52  5:48  Phoenix  
  52  5:49  Probe  
  55  5:53  Phoenix  
  58  5:59  Probe  
  59  6:11  Probe  
  60  6:13  Phoenix  
  60  6:18  Phoenix  
  64  6:23  Probe  
Show
View Real Time Build Order
Export as new Build Order

Mikkitor Zerg - Winner!

Build Orders: Hatch First 

Get SALT Encoding   

  12  0:01  Drone  
  13  0:10  Drone  
  14  0:17  Overlord  
  14  0:43  Hatchery  
  14  0:48  Drone x2  
  15  1:05  Extractor  
  15  1:10  Extractor  
  13  1:16  Drone x2  
  13  1:17  Spawning Pool  
  14  1:25  Drone  
  15  1:44  Drone x2  
  17  1:49  Drone  
  18  1:55  Drone  
  19  2:06  Lair  
  19  2:09  Queen  
  19  2:14  Overlord  
  21  2:24  Drone x2  
  23  2:31  Drone x2  
  25  2:45  Drone x3  
  28  2:55  Drone x2  
  30  3:08  Nydus Network  
  29  3:13  Drone, Hydralisk Den  
  29  3:17  Drone  
  29  3:18  Drone x2  
  32  3:37  Overseer  
  32  3:47  Extractor  
  31  3:48  Extractor  
  31  3:50  Drone x6  
  36  3:56  Overseer  
  36  3:59  Grooved Spines  
  36  4:02  Overlord x2  
  36  4:03  Overseer  
  36  4:25  Hydralisk x4  
  44  4:45  Spore Crawler  
  43  4:46  Drone  
  43  4:47  Spore Crawler  
  43  4:48  Overlord  
  43  4:49  Overlord x2  
  43  5:05  Spore Crawler  
  42  5:09  Hydralisk x4, Overseer  
  50  5:34  Muscular Augments  
  50  5:35  Hydralisk x4  
  50  5:41  Hydralisk  
  50  5:42  Hydralisk  
  62  5:48  Hydralisk  
  64  5:55  Overseer  
  64  6:01  Hydralisk x2  
  68  6:06  Nydus Canal  
  68  6:14  Overlord x3  
Show
View Real Time Build Order
Export as new Build Order

ДимкаВед Protoss - Winner!

Build Orders: Dark Templar Rush 

Get SALT Encoding   

  12  0:01  Probe  
  13  0:17  Pylon  
  13  0:28  Probe  
  14  0:32  Assimilator  
  14  0:45  Gateway  
  14  1:13  Pylon  
  14  1:17  Probe  
  15  1:25  Gateway  
  15  1:29  Probe  
  16  1:51  Probe  
  17  1:58  Gateway  
  17  2:02  Pylon  
  17  2:03  Probe  
  17  2:18  Zealot, Cybernetics Core  
  17  2:21  Probe  
  20  2:33  Probe  
  21  2:46  Warp Gate  
  21  2:59  Twilight Council  
  21  3:05  Stalker  
  23  3:30  Probe  
  23  3:31  Assimilator  
  24  3:42  Probe  
  24  3:47  Dark Shrine  
  25  3:55  Probe  
  26  4:02  Robotics Facility  
  26  4:05  Pylon  
  26  4:12  Gateway  
  26  4:35  Probe  
  27  4:59  Warp Prism  
  29  5:11  Gateway  
  29  6:20  Dark Templar  
  29  6:21  Dark Templar x2  
  29  6:24  Dark Templar x2  
Tags
 
Add a new tag
Caveats
  • Supply blocks, unpowered buildings, or Contaminate may cause inaccurate times.
  • Supply counts are checked every 10 seconds.